Map: Acid Plant LE

Players

Reynor

  • Race: Zerg Zerg
  • League: Master
  • Spawn Location: 5:00

goblin - Winner!

  • Race: Protoss Protoss
  • Spawn Location: 11:00

Event: HomeStory Cup XVIII

VOD

Have the link to the VOD?

Description

Time

  • Played on: Nov. 22, 2018, 10:37 a.m.
  • Length: 5:07

All games in this series

Show
View Real Time Build Order
Export as new Build Order

Reynor Zerg 

Build Orders: Hatch First 

Get SALT Encoding   

  12  0:00  Drone  
  13  0:12  Overlord  
  13  0:16  Drone  
  14  0:31  Drone x2  
  16  0:49  Hatchery  
  15  0:52  Drone  
  15  0:55  Drone  
  17  0:58  Drone  
  18  1:06  Extractor  
  17  1:16  Spawning Pool  
  16  1:18  Drone  
  16  1:22  Drone  
  18  1:28  Drone  
  19  2:03  Spine Crawler  
  19  2:04  Spine Crawler x2  
  19  2:05  Zergling x4  
  19  2:08  Zergling x2  
  21  2:11  Zergling x2  
  22  2:16  Zergling x2  
  23  2:26  Queen  
  23  2:28  Zergling x4  
  25  2:42  Overlord  
  25  2:44  Metabolic Boost  
  25  2:49  Spine Crawler  
  24  3:00  Zergling x4  
  24  3:01  Queen  
  28  3:12  Spine Crawler, Zergling x2  
  28  3:21  Zergling x2  
  29  3:31  Zergling x2  
  30  3:41  Overlord  
  30  3:54  Overlord  
  30  3:59  Queen  
  32  4:04  Zergling x2  
  32  4:07  Zergling x6  
  34  4:17  Zergling x2  
  33  4:28  Zergling x2  
  33  4:34  Zergling x4  
  33  4:35  Zergling x2  
  31  4:42  Zergling x2  
  29  4:50  Zergling x2  
Show
View Real Time Build Order
Export as new Build Order

goblin Protoss - Winner!

Build Orders: Cannon Rush 

Get SALT Encoding   

  12  0:00  Probe  
  13  0:12  Probe  
  14  0:17  Pylon  
  14  0:23  Probe  
  15  0:31  Probe  
  16  0:38  Forge  
  16  0:39  Probe  
  18  0:57  Pylon  
  17  1:06  Pylon  
  17  1:07  Pylon  
  17  1:15  Photon Cannon  
  17  1:17  Gateway  
  17  1:19  Probe  
  18  1:25  Assimilator  
  18  1:31  Probe  
  19  1:33  Assimilator  
  19  1:39  Photon Cannon  
  19  1:48  Pylon  
  19  1:55  Photon Cannon, Zealot  
  21  2:10  Cybernetics Core  
  21  2:20  Probe  
  22  2:33  Probe  
  23  2:44  Stalker  
  23  2:49  Robotics Facility  
  23  2:51  Probe  
  24  2:56  Shield Battery  
  26  3:01  Shield Battery  
  26  3:12  Shield Battery  
  26  3:13  Warp Gate  
  26  3:15  Stalker  
  28  3:27  Immortal  
  32  3:42  Shield Battery  
  34  3:55  Shield Battery  
  34  4:03  Warp Prism  
  34  4:10  Shield Battery  
  34  4:22  Stalker  
  34  4:25  Pylon  
  36  4:45  Pylon  
Tags
 
Add a new tag
Caveats
  • Supply blocks, unpowered buildings, or Contaminate may cause inaccurate times.
  • Supply counts are checked every 10 seconds.